 Dungeon Crawl Stone Soup version 0.20-a0-650-gd54866b (webtiles) character file.

162067 AlphabetPasta the Severer (level 17, -5/234 HPs)
             Began as a Minotaur Fighter on Feb 14, 2017.
             Was a High Priest of Okawaru.
             Slain by a merfolk
             ... wielding a +0 spear
              (13 damage)
             ... on level 4 of the Shoals on Feb 15, 2017.
             The game lasted 02:34:37 (30093 turns).

AlphabetPasta the Severer (Minotaur Fighter)       Turns: 30093, Time: 02:34:38

Health: -5/234     AC: 31    Str: 32    XL:     17   Next: 21%
Magic:  16/22      EV: 21    Int:  5    God:    Okawaru [*****.]
Gold:   1122       SH:  0    Dex: 11    Spells: 16/16 levels left

rFire    + + .     SeeInvis .   a - +2 battleaxe (elec)
rCold    + . .     Gourm    .   g - +1 plate armour {rF+}
rNeg     . . .     Faith    .   (shield currently unavailable)
rPois    +         Spirit   .   I - +1 hat {MR+}
rElec    +         Reflect  .   r - +2 cloak {rPois}
rCorr    .         Harm     .   M - +3 pair of gauntlets of War {Slay+5}
MR       ++...                  l - +0 pair of boots
Stlth    ..........             A - amulet of the Air {Inacc +Fly rElec EV+5 RMsl}
Regen    0.5/turn               E - ring of protection from fire
MPRegen  0.2/turn               B - ring of protection from cold

@: berserking, heroism, flying, very slightly contaminated, studying Axes, repel
missiles, very quick
A: retaliatory headbutt, horns 2
a: Heroism, Finesse, Renounce Religion, Stop Flying


You were on level 4 of the Shoals.
You worshipped Okawaru.
Okawaru was extremely pleased with you.
You were not hungry.

You visited 5 branches of the dungeon, and saw 28 of its levels.
You also visited: Labyrinth and Ossuary.

You collected 2670 gold pieces.
You spent 1548 gold pieces at shops.

Inventory:

Hand Weapons
 a - a +2 battleaxe of electrocution (weapon)
 b - a +6 arbalest of freezing
 c - a +1 hand axe of flaming
 d - a +2 antimagic hand axe
Missiles
 e - 302 bolts
Armour
 g - a +1 plate armour of fire resistance (worn)
 l - a +0 pair of boots (worn)
 r - a +2 cloak of poison resistance (worn)
 I - a +1 hat of magic resistance (worn)
 M - the +3 pair of gauntlets of War (worn) {Slay+5}
   (You bought it in a shop on level 4 of the Dungeon)

   It affects your accuracy and damage with ranged weapons and melee attacks
   (+5).
 Q - the scarf of Broken Taboos {rC+ Str+2 Int+4 Dex+2}
   (Okawaru gifted it to you on level 2 of the Shoals)

   It affects your strength (+2).
   It affects your intelligence (+4).
   It affects your dexterity (+2).
   It protects you from cold.
Jewellery
 k - a +5 amulet of reflection
 A - the amulet of the Air (around neck) {Inacc +Fly rElec EV+5 RMsl}
   (You bought it in a shop on level 2 of the Shoals)

   [amulet of inaccuracy]

   It reduces the accuracy of all your attacks.
   It affects your evasion (+5).
   It insulates you from electricity.
   It lets you fly.
   It protects you from missiles.
 B - a ring of protection from cold (left hand)
 E - a ring of protection from fire (right hand)
 P - an uncursed ring of ice
Wands
 m - a wand of flame (12/48)
 q - a wand of confusion (28/48)
 t - a wand of iceblast (6/15)
 v - a wand of paralysis (7/24)
 y - a wand of iceblast (15/15)
 F - a wand of paralysis (4/24)
 G - a wand of flame (33/48)
 H - a wand of paralysis (4/24)
 J - a wand of digging (12/24)
 U - a wand of digging (13/24)
 W - a wand of lightning (1/15)
Scrolls
 j - a scroll of magic mapping
 n - 2 scrolls of enchant armour
 o - 2 scrolls of fog
 C - 2 scrolls of blinking
 D - 2 scrolls of teleportation
 K - 5 scrolls of remove curse
 L - 4 scrolls of recharging
 O - a scroll of enchant weapon
 R - 3 scrolls of identify
 T - a scroll of summoning
Potions
 i - a potion of curing
 x - 2 potions of cancellation
 z - a potion of agility
 S - 3 potions of haste
 Y - a potion of flight
Books
 V - a manual of Axes
Miscellaneous
 u - a sack of spiders
 Z - a phial of floods
Comestibles
 f - 14 bread rations
 h - 9 meat rations
 p - 7 royal jellies
 s - 3 chunks of flesh


   Skills:
 + Level 15.0(20.0) Fighting
 * Level 20.7(25.7) Axes
 * Level 13.8(18.8) Crossbows
 + Level 14.6(19.6) Armour
 + Level 11.3(16.3) Dodging
   Level 3.6(8.6) Shields
 - Level 7.5 Invocations
 + Level 8.1 Evocations


You had 16 spell levels left.
You didn't know any spells.

Dungeon Overview and Level Annotations

Branches:
Dungeon (15/15)            Temple (1/1) D:7            Lair (6/6) D:10
 Shoals (4/4) Lair:3       Spider (0/4) Lair:3        Slime (0/5) Lair:5
    Orc (2/2) D:12            Elf (0/3) Orc:2        Vaults (0/5) D:13
 Depths (0/5) D:15

Altars:
Ashenzari
Cheibriados
Dithmenos
Elyvilon
Fedhas
Gozag
Hepliaklqana
Kikubaaqudgha
Makhleb
Nemelex Xobeh
Okawaru
Qazlal
Ru
Sif Muna
Trog
Uskayaw
Vehumet
Xom
Yredelemnul
Zin
The Shining One
Beogh
Jiyva

Shops:
D:4 [   D:7 [   D:10 }   D:12 [(   Orc:1 *%   Orc:2 *(:?   Shoals:2 =

Portals:
Hell: Lair:6
Trove: D:14 (give +3 fire dragon scales)


Innate Abilities, Weirdness & Mutations

You reflexively headbutt those who attack you in melee.
You have a pair of horns on your head.


Message History

Blink to where?
Press: ? - help, Dir - move target cursor You are very lightly contaminated with residual magic.
As you read the scroll of blinking, it crumbles to dust.
The merfolk impaler hits you but does no damage.
The merfolk hits you but does no damage. x2
The merfolk completely misses you.
A red film seems to cover your vision as you go berserk!
Your finesse ends abruptly.
You feel yourself moving faster!
You feel mighty!
The merfolk impaler hits you from afar with a trident of venom!
* * * LOW HITPOINT WARNING * * *
The merfolk impaler hits you from afar with a trident of venom!
* * * LOW HITPOINT WARNING * * *
The merfolk closely misses you. The merfolk completely misses you.
The merfolk hits you but does no damage.
The merfolk impaler barely misses you.
The merfolk impaler completely misses you.
You feel a strong urge to attack something.
The merfolk barely misses you. The merfolk hits you with a spear!
You die...

≈≈≈≈≈≈≈#≈m(.##
≈....k#≈#k.m≈# ..≈≈≈≈≈≈≈≈
.....m≈#≈≈≈#≈≈##≈≈≈≈≈≈≈≈≈
.....#≈≈≈≈#≈#≈≈#≈≈≈≈≈≈≈≈≈
.....#≈≈≈#≈≈mm≈#≈≈≈≈≈≈≈≈≈
....m#≈≈#≈≈≈≈mm#≈≈≈≈≈≈≈≈≈
.....##≈≈#≈≈≈#Smmm.≈≈(≈≈≈
.....≈##≈≈≈≈#.#m....≈≈≈≈≈
.....≈≈# ≈≈≈.#.m@...≈≈≈≈≈
....≈≈≈m####...m....≈≈≈≈≈
≈..≈≈≈≈≈≈≈≈.(.<.....≈≈≈≈≈
≈≈≈≈≈≈≈≈≈≈≈........≈≈≈≈≈≈
≈≈≈≈≈≈≈≈≈≈≈[..P..≈≈≈≈≈≈≈≈
≈≈≈≈≈≈≈≈≈≈≈≈≈≈P≈≈≈≈≈≈≈≈≈≈
≈≈≈≈≈≈≈≈≈≈P≈P≈≈≈≈≈≈≈≈≈≈≈≈
≈≈≈≈≈≈≈≈≈≈≈≈≈≈≈≈≈≈≈≈≈≈≈≈≈
≈≈≈≈≈≈≈≈≈≈≈≈≈≈≈≈≈


You could see 3 merfolk impalers, a sea snake, a wind drake and 8 merfolk.

Vanquished Creatures
  Saint Roka (Orc:2)
  A kraken (Shoals:1)
  Gastronok (D:8)
  Roxanne (Shoals:1)
  Azrael (Orc:2)
  A dire elephant (Lair:6)
  A minotaur (Lab)
  3 merfolk impalers
  3 merfolk javelineers
  Erolcha (D:10)
  A great orb of eyes (shapeshifter) (D:13)
  9 hydras
  A rakshasa (D:13)
  2 merfolk aquamancers
  Fannar (D:10)
  3 merfolk avatars
  A hell beast (Lair:6)
  6 centaur warriors
  3 alligator snapping turtles
  2 dancing weapons (D:13)
  12 two-headed ogres
  2 death knights
  2 satyrs (Shoals:3)
  3 death yaks (Lair:5)
  Urug (D:10)
  6 orc high priests (Orc:2)
  7 skeletal warriors
  Nergalle (D:11)
  9 sea snakes
  A flayed ghost (D:15)
  4 unseen horrors
  A wizard (Lair:6)
  A deep troll (Orc:1)
  A lindwurm (Lair:6)
  12 harpies
  A necromancer (D:15)
  A wolf spider zombie (D:13)
  4 ugly things
  13 manticores
  3 orc sorcerers
  7 cyclopes
  A fire giant zombie (D:15)
  11 orc knights
  A salamander (shapeshifter) (D:15)
  7 elephants
  17 fauns
  Joseph (D:7)
  Maurice (Orc:2)
  5 black mambas
  8 merfolk sirens
  An eye of devastation (shapeshifter) (D:14)
  7 centaur zombies
  2 water nymphs
  An orange demon (Lair:6)
  2 centaur skeletons
  11 spiny frogs
  A komodo dragon (shapeshifter) (D:14)
  4 rime drakes
  2 yaktaur zombies (D:15)
  3 kobold demonologists
  A redback zombie (D:15)
  2 freezing wraiths
  An efreet (D:14)
  5 komodo dragons
  2 ice devils (Lair:6)
  A hellwing (Lair:6)
  11 trolls
  3 red devils (Lair:6)
  A harpy zombie (D:14)
  2 polar bears (Lair:2)
  16 merfolk
  Prince Ribbit (D:8)
  12 wind drakes
  9 dream sheep
  13 blink frogs
  8 snapping turtles
  16 hippogriffs
  A centaur simulacrum (D:15)
  A spriggan (shapeshifter) (D:14)
  7 water elementals
  5 wyverns
  5 wraiths
  A shadow (D:13)
  4 fire elementals (Orc:2)
  47 yaks
  2 hungry ghosts
  5 basilisks
  A vampire mosquito (D:13)
  8 wargs
  A soldier ant (D:10)
  6 swamp worms (Lair:3)
  7 hell hounds
  Duvessa (D:7)
  11 water moccasins
  10 porcupines
  3 ice beasts
  52 orc warriors
  2 black bears
  A hornet zombie (D:13)
  An ice beast (shapeshifter) (D:15)
  3 sky beasts
  5 phantoms
  14 ogres
  23 centaurs
  3 eyes of draining
  20 wolves
  7 crocodiles
  3 elf zombies
  3 big kobolds
  13 bullfrogs
  A gnoll sergeant (D:12)
  Dowan (D:7)
  A scorpion (D:10)
  8 killer bees
  5 wights
  An oklob sapling (D:7)
  A howler monkey (D:8)
  An electric eel (Lair:6)
  4 crimson imps
  2 bullfrog zombies
  3 hounds
  2 quasits (D:10)
  34 orc priests
  2 human zombies (Ossuary)
  20 orc wizards
  2 jellies
  A gnoll shaman (D:4)
  3 bullfrog skeletons
  8 worker ants
  5 iguanas
  A big kobold zombie (Ossuary)
  2 hound skeletons (D:9)
  3 mummies (Ossuary)
  A howler monkey skeleton (D:10)
  9 adders
  29 gnolls
  4 shadow imps
  An ooze (D:1)
  3 adder zombies
  An adder skeleton (D:7)
  14 worms
  5 dart slugs
  A leopard gecko (D:1)
  113 orcs
  3 giant cockroaches
  12 goblins
  7 hobgoblins
  8 jackals (D:3)
  18 kobolds
  7 quokkas
  A ball python (D:2)
  6 bats
  12 frilled lizards
  2 gnoll zombies (Ossuary)
  4 goblin zombies (Ossuary)
  3 hobgoblin zombies (Ossuary)
  4 jackal zombies (Ossuary)
  5 kobold zombies (Ossuary)
  An orc zombie (Ossuary)
  A quokka skeleton (D:9)
  6 quokka zombies (Ossuary)
  6 rats
  2 rat zombies (Ossuary)
  A fungus (Lair:3)
  16 plants
  3 tentacles (Shoals:1)
  A withered plant (D:15)
1022 creatures vanquished.

Vanquished Creatures (others)
  A centaur (D:14)
  An orc wizard (D:4)
  3 orcs
  6 fungi
  16 plants
  5 tentacles (Shoals:1)
  A withered plant (D:15)
33 creatures vanquished.

Grand Total: 1055 creatures vanquished

Notes
Turn   | Place    | Note
-------+----------+-------------------------------------------
     0 | D:1      | AlphabetPasta the Minotaur Fighter began the quest for the Orb.
     0 | D:1      | Reached XP level 1. HP: 19/19 MP: 0/0
   100 | D:1      | Reached skill level 3 in Axes
   103 | D:1      | Reached XP level 2. HP: 27/27 MP: 1/1
   385 | D:1      | Reached XP level 3. HP: 33/33 MP: 2/2
   701 | D:2      | Reached skill level 4 in Axes
   704 | D:2      | Reached XP level 4. HP: 34/40 MP: 3/3
  1051 | D:2      | Found a faded altar of an unknown god.
  1389 | D:3      | Reached XP level 5. HP: 33/47 MP: 4/4
  1392 | D:3      | Reached skill level 5 in Axes
  1641 | D:3      | Found a burning altar of Makhleb.
  2024 | D:2      | Reached skill level 5 in Armour
  2234 | D:2      | Reached skill level 5 in Fighting
  2580 | D:4      | Noticed a phantom
  2859 | D:4      | Reached XP level 6. HP: 56/56 MP: 5/5
  3020 | D:3      | Reached skill level 6 in Axes
  3302 | D:4      | Found a blossoming altar of Fedhas.
  3459 | D:4      | Reached skill level 7 in Axes
  3459 | D:4      | Reached XP level 7. HP: 62/62 MP: 6/6
  3674 | D:4      | Found Quodukul's Armour Emporium.
  3897 | D:5      | Entered Level 5 of the Dungeon
  4004 | D:5      | Reached skill level 8 in Axes
  4323 | D:5      | Reached XP level 8. HP: 71/71 MP: 7/7
  4390 | D:5      | Found a glowing golden altar of the Shining One.
  4392 | D:5      | Found a shattered altar of Ashenzari.
  4458 | D:6      | Found a shadowy altar of Dithmenos.
  4501 | D:6      | Reached skill level 9 in Axes
  4535 | D:6      | Found a hide-covered altar of Uskayaw.
  4942 | D:7      | Found Tosoul's Armour Boutique.
  5000 | D:7      | Noticed Duvessa
  5001 | D:7      | Noticed Dowan
  5020 | D:7      | Killed Duvessa
  5020 | D:7      | Reached skill level 1 in Evocations
  5031 | D:7      | Killed Dowan
  5050 | D:7      | Found a staircase to the Ecumenical Temple.
  5160 | Temple   | Entered the Ecumenical Temple
  5438 | Temple   | Became a worshipper of Warmaster Okawaru
  5685 | D:7      | Noticed Joseph
  5708 | D:7      | Killed Joseph
  5708 | D:7      | Reached skill level 10 in Axes
  5708 | D:7      | Reached skill level 1 in Invocations
  5708 | D:7      | Reached XP level 9. HP: 44/80 MP: 5/9
  6111 | D:8      | Reached * piety under Okawaru
  6162 | D:8      | Found a sand-covered staircase.
  6231 | Ossuary  | Entered an ossuary
  6281 | Ossuary  | Reached skill level 11 in Axes
  6550 | D:8      | Noticed a two-headed ogre
  6649 | D:8      | Killed a two-headed ogre
  6649 | D:8      | Reached ** piety under Okawaru
  6649 | D:8      | Reached XP level 10. HP: 58/91 MP: 3/11
  6704 | D:8      | Noticed Prince Ribbit
  6714 | D:8      | Killed Prince Ribbit
  6807 | D:8      | Noticed Gastronok
  6819 | D:8      | Killed Gastronok
  6819 | D:8      | Reached skill level 12 in Axes
  7170 | D:9      | Reached *** piety under Okawaru
  7183 | D:9      | Found a bloodstained altar of Trog.
  7327 | D:9      | Found a radiant altar of Vehumet.
  7405 | D:9      | Noticed a two-headed ogre
  7410 | D:9      | Noticed a two-headed ogre
  7414 | D:9      | Killed a two-headed ogre
  7414 | D:9      | Reached skill level 5 in Invocations
  7423 | D:9      | Killed a two-headed ogre
  7423 | D:9      | Reached **** piety under Okawaru
  7423 | D:9      | Reached skill level 10 in Fighting
  7423 | D:9      | Reached skill level 13 in Axes
  7423 | D:9      | Reached skill level 10 in Armour
  7423 | D:9      | Reached XP level 11. HP: 93/99 MP: 11/13
  7497 | D:9      | Found a sacrificial altar of Ru.
  7662 | D:10     | Entered Level 10 of the Dungeon
  7832 | D:10     | Found a staircase to the Lair.
  8022 | D:11     | Noticed a two-headed ogre
  8037 | D:11     | Killed a two-headed ogre
  8497 | D:10     | Noticed Urug
  8516 | D:10     | Killed Urug
  8522 | D:10     | Found a white marble altar of Elyvilon.
  8540 | D:10     | Noticed a two-headed ogre
  8548 | D:10     | Killed a two-headed ogre
  8548 | D:10     | Reached ***** piety under Okawaru
  8644 | D:10     | Found Dexoah's Gadget Emporium.
  8663 | D:10     | Noticed Fannar
  8694 | D:10     | Killed Fannar
  8694 | D:10     | Reached skill level 5 in Dodging
  8709 | D:10     | Reached skill level 14 in Axes
  9112 | D:10     | Noticed a two-headed ogre
  9122 | D:10     | Killed a two-headed ogre
  9123 | D:10     | Noticed Erolcha
  9135 | D:10     | Killed Erolcha
  9731 | D:11     | Noticed Nergalle
  9747 | D:11     | Killed Nergalle
  9747 | D:11     | Received a gift from Okawaru
  9855 | D:11     | Reached XP level 12. HP: 91/110 MP: 12/16
  9950 | D:11     | Noticed a death knight
  9969 | D:11     | Killed a death knight
  9969 | D:11     | Reached skill level 1 in Crossbows
 10210 | D:11     | Noticed a two-headed ogre
 10219 | D:11     | Killed a two-headed ogre
 10979 | D:4      | Bought the +3 pair of gauntlets of War {Slay+5} for 617 gold pieces
 11439 | D:12     | Found Xyfih's Armour Emporium.
 11439 | D:12     | Found a staircase to the Orcish Mines.
 11439 | D:12     | Found Rukhlywa's Weapon Emporium.
 11611 | D:12     | Bought a +1 hand axe of flaming for 148 gold pieces
 11694 | D:12     | Received a gift from Okawaru
 11760 | D:12     | Reached skill level 15 in Axes
 12096 | Lair:1   | Entered Level 1 of the Lair of Beasts
 12369 | Lair:1   | Noticed an eight-headed hydra
 12376 | Lair:1   | Killed a five-headed hydra
 12552 | Lair:1   | Reached skill level 5 in Crossbows
 12674 | Lair:1   | Noticed a six-headed hydra
 12700 | Lair:1   | Killed a one-headed hydra
 13363 | Lair:2   | Reached XP level 13. HP: 114/118 MP: 17/17
 14403 | Lair:3   | Found a hole to the Spider Nest.
 14508 | Lair:3   | Received a gift from Okawaru
 14766 | Lair:3   | Reached ****** piety under Okawaru
 14827 | Lair:3   | Reached skill level 16 in Axes
 14858 | Lair:3   | Received a gift from Okawaru
 14966 | Lair:3   | Found a staircase to the Shoals.
 15366 | Lair:4   | Received a gift from Okawaru
 16478 | Lair:5   | Found a staircase to the Slime Pits.
 16479 | Lair:5   | Found a viscous altar of Jiyva.
 16931 | Lair:6   | Entered Level 6 of the Lair of Beasts
 17018 | Lair:6   | Reached XP level 14. HP: 87/127 MP: 18/18
 17582 | Lair:6   | Received a gift from Okawaru
 17989 | Lair:6   | Found a burning altar of Makhleb.
 18043 | Lair:6   | Reached skill level 17 in Axes
 18046 | Lair:6   | Found a gateway to Hell.
 18591 | Orc:1    | Entered Level 1 of the Orcish Mines
 18874 | Orc:2    | Entered Level 2 of the Orcish Mines
 18874 | Orc:2    | Found a roughly hewn altar of Beogh.
 18874 | Orc:2    | Noticed Saint Roka
 18876 | Orc:2    | Noticed Azrael
 18934 | Orc:2    | Killed Saint Roka
 18934 | Orc:2    | Received a gift from Okawaru
 18934 | Orc:2    | Received a gift from Okawaru
 18934 | Orc:2    | Reached skill level 10 in Crossbows
 18936 | Orc:2    | Killed Azrael
 18967 | Orc:2    | Found a staircase to the Elven Halls.
 18969 | Orc:2    | Found a labyrinth entrance.
 18997 | Orc:2    | Noticed Maurice
 19007 | Orc:2    | Killed Maurice
 19018 | Lab      | Entered a labyrinth
 19355 | Lab      | Reached skill level 5 in Evocations
 19370 | Lab      | Got a twisted dagger
 19770 | Orc:2    | Received a gift from Okawaru
 20301 | Orc:2    | Reached XP level 15. HP: 106/136 MP: 19/19
 20365 | Orc:1    | Found Qeoruipp's Food Emporium.
 20368 | Orc:1    | Found Ziannack's General Store.
 22131 | Orc:2    | Found Cymecal's General Store.
 22135 | Orc:2    | Found Niudisuc's Magic Scroll Emporium.
 22136 | Orc:2    | Found Pyum Vef's Antique Weapon Emporium.
 22137 | Orc:2    | Found Kiuh's Book Shoppe.
 22141 | Orc:2    | Bought a scroll of brand weapon for 260 gold pieces
 22280 | D:13     | Received a gift from Okawaru
 22747 | D:13     | Received a gift from Okawaru
 22962 | D:13     | Found a gate to the Vaults.
 23078 | D:13     | Received a gift from Okawaru
 23430 | D:14     | Reached skill level 18 in Axes
 23505 | D:14     | Received a gift from Okawaru
 23756 | D:14     | Identified a scroll of acquirement
 23793 | D:14     | Received a gift from Okawaru
 23793 | D:14     | Reached skill level 10 in Dodging
 23875 | D:14     | Received a gift from Okawaru
 24090 | D:14     | Found a portal to a secret trove of treasure.
 24233 | D:15     | Entered Level 15 of the Dungeon
 24242 | D:15     | Found a staircase to the Depths.
 24543 | D:15     | Reached XP level 16. HP: 131/147 MP: 20/20
 25023 | D:15     | Found a burning altar of Makhleb.
 25431 | Lair:3   | Upgraded the game from 0.20-a0-645-g0ac6e19 to 0.20-a0-650-gd54866b
 25472 | Shoals:1 | Entered Level 1 of the Shoals
 25484 | Shoals:1 | Reached skill level 19 in Axes
 26002 | Shoals:1 | Noticed Roxanne
 26018 | Shoals:1 | Killed Roxanne
 26024 | Shoals:1 | Identified Roxanne's Reference Book on Earth (You took it off Roxanne on level 1 of the Shoals)
 26141 | Shoals:1 | Noticed a kraken
 26154 | Shoals:1 | Killed a kraken
 26417 | Shoals:1 | Received a gift from Okawaru
 26787 | Shoals:2 | Received a gift from Okawaru
 27494 | Shoals:2 | Reached skill level 20 in Axes
 27913 | Shoals:2 | Found Zah Akhe's Jewellery Shop.
 27916 | Shoals:2 | Bought the amulet of the Air {Inacc +Fly rElec EV+5 RMsl} for 523 gold pieces
 27934 | Shoals:2 | Got a heavily runed scarf {god gift}
 27945 | Shoals:2 | Identified the scarf of Broken Taboos {rC+ Str+2 Int+4 Dex+2} (Okawaru gifted it to you on level 2 of the Shoals)
 28752 | Shoals:3 | Identified the Reference Book on the Vitriolic Mountains
 29160 | Shoals:3 | Reached XP level 17. HP: 153/154 MP: 21/21
 29190 | Shoals:4 | Entered Level 4 of the Shoals
 29236 | Shoals:4 | Received a gift from Okawaru
 29251 | Shoals:4 | Reached skill level 15 in Fighting
 30092 | Shoals:4 | HP: 7/234 [merfolk impaler/trident of venom (11)]
 30093 | Shoals:4 | Slain by a merfolk

Vault maps used:
D:1:      saegor_arrival_simple_c
D:2:      chequers_ecumenical_altar_simple_redux, grunt_decor_mini_mirrors
D:3:      minmay_door_path, lemuel_round_altar, serial_corexii_hall,
          corexii_hall_statues_x, corexii_hall_statues_t,
          guppyfry_early_orc_mine
D:4:      lemuel_round_altar, first_bread, serial_shops, kennysheep_mini_moat,
          minmay_hedge_maze, st_stairs_11, kennysheep_opposing_triangles
D:5:      chequers_temple_overflow_statue_of_worship
D:6:      old_standard_altar, minmay_misc_feat_columns, grunt_dithmenos_smoke
D:7:      minmay_temple_entry_oklob, serial_shops, shop, uniq_joseph,
          uniq_duvessa
D:8:      serial_aquarium, aquarium_bridge_square, aquarium_window_fake,
          aquarium_window_3, aquarium_window_fake, aquarium_view_2c,
          aquarium_view_2d, nicolae_ossuary_entry_monument, uniq_gastronok,
          uniq_prince_ribbit1
D:9:      trog_eyes_of_draining, lemuel_round_altar, fiery_altar_vehumet
D:10:     erik_lair_orcish_takeover, serial_shops, shop_fountains,
          elyvilon_altar_3, uniq_fannar, uniq_erolcha, uniq_urug
D:11:     minmay_curly_fans, hangedman_fish_farm, uniq_nergalle
D:12:     orc_david_3
D:13:     kennysheep_room_grid, erik_vaults_1, spider_trap
D:14:     hangedman_decor_riveting, nicolae_trove_entry_diagonal, wad_mini_maze
D:15:     gammafunk_depths_entry_grave, lemuel_round_altar
Temple:   oiseaux_autumnal_temple
Lair:3:   elwin_shoals_entry_rooms, dummy_spider_entry, worms_lemuel,
          grunt_megastairs_2
Lair:5:   slime_altar_1
Lair:6:   evil_forest, serial_bayou_shore_a, grunt_megastairs_3,
          lemuel_fruit_fields, infiniplex_staircase_pool
Shoals:1: abandoned_shop, nicolae_shoals_siren_and_animal_friends, uniq_roxanne
Shoals:2: serial_shops, nicolae_shop_behind_doors
Shoals:3: overgrown_hall
Shoals:4: shoals_end_hangedman, shoals_ilsuiw_alternative,
          nicolae_shoals_circle_sea_wall, nicolae_alphabet_shops
Orc:1:    guppyfry_orc_lava_fort
Orc:2:    st_orc_pillars, lab_entry_generic, basic_altar, uniq_azrael,
          uniq_saint_roka, uniq_maurice
Lab:      labyrinth_watery, nicolae_lab_grate, nicolae_lab_dead_end,
          nicolae_lab_checkerboard
Ossuary:  minmay_ossuary_two_tombs

Skill      XL: |  1  2  3  4  5  6  7  8  9 10 11 12 13 14 15 16 17 |
---------------+----------------------------------------------------+-----
Axes           | 3 4 5 7 8 10 11 13 14 15 16 17 18 20 | 20.7
Armour         | 4 5 6 7 8 10 11 12 13 14 | 14.6
Fighting       | 4 5 6 7 9 10 11 12 13 14 15 | 15.0
Evocations     | 1 3 5 6 7 8 |  8.1
Invocations    | 1 3 5 6 7 |  7.5
Dodging        | 3 5 6 7 9 10 11 | 11.3
Crossbows      | 5 8 10 12 13 | 13.8
Shields        | |  3.6

Action                   |  1- 3 |  4- 6 |  7- 9 | 10-12 | 13-15 | 16-18 || total
-------------------------+-------+-------+-------+-------+-------+-------++-------
Melee: War axe           |    56 |   211 |   345 |   669 |   565 |       ||  1846
       Headbutt          |    12 |    30 |    87 |   155 |   271 |   110 ||   665
       Hand axe          |       |       |       |    11 |    24 |       ||    35
       Punch             |       |       |       |     3 |     3 |       ||     6
       Broad axe         |       |       |       |       |    64 |       ||    64
       Battleaxe         |       |       |       |       |   401 |   414 ||   815
 Fire: Arbalest          |       |       |       |       |    72 |   121 ||   193
Invok: Heroism           |       |       |       |    13 |    10 |     4 ||    27
       Finesse           |       |       |       |     2 |     2 |     2 ||     6
 Abil: Evoke Flight      |       |       |       |       |       |     1 ||     1
Evoke: Wand              |       |       |       |     4 |       |       ||     4
  Use: Scroll            |     5 |     6 |     6 |     7 |    15 |     9 ||    48
       Potion            |       |     1 |     4 |     4 |     3 |     8 ||    20
 Stab: Paralysed         |       |       |       |     3 |       |       ||     3
       Invisible         |       |       |       |       |    26 |       ||    26
  Eat: Chunk             |       |     8 |     9 |    18 |    34 |    16 ||    85
       Royal jelly       |       |       |     1 |     1 |       |       ||     2
       Fruit             |       |       |       |     5 |     3 |     3 ||    11
Armor: Scale mail        |    15 |    26 |       |       |       |       ||    41
       Chain mail        |       |    59 |   116 |     6 |       |       ||   181
       Plate armour      |       |       |       |   280 |   493 |   329 ||  1102
Dodge: Dodged            |    15 |    57 |    64 |   176 |   434 |   243 ||   989
       Deflected         |       |       |       |       |       |     2 ||     2
Block: Shield            |    34 |   115 |   116 |   216 |       |       ||   481
       Other             |       |       |       |    35 |   167 |    86 ||   288
       Reflection        |       |       |       |       |    12 |     8 ||    20
